Map: Blackpink LE

Players

Robocli - Winner!

  • Race: Terran Terran
  • League: Diamond
  • Spawn Location: 7:00

Trizztein

  • Race: Terran Terran
  • League: Diamond
  • Spawn Location: 1:00

VOD

Have the link to the VOD?

Description

Time

  • Played on: March 22, 2018, 8:53 a.m.
  • Length: 5:55
Show
View Real Time Build Order
Export as new Build Order

Robocli Terran - Winner!

Build Orders: Cyclone Opening 

Get SALT Encoding   

  12  0:01  SCV  
  13  0:13  SCV  
  14  0:18  Supply Depot  
  14  0:25  SCV  
  15  0:29  Refinery  
  15  0:39  SCV  
  16  0:45  Barracks  
  16  0:53  SCV  
  17  0:59  Refinery  
  17  1:05  SCV  
  18  1:17  SCV  
  19  1:29  SCV  
  20  1:35  Factory  
  20  1:37  Barracks Reactor  
  20  1:43  Orbital Command  
  20  1:53  Supply Depot  
  20  2:10  SCV  
  20  2:14  Reaper x2  
  23  2:20  Cyclone  
  26  2:25  SCV  
  27  2:30  Supply Depot  
  27  2:37  SCV  
  28  3:02  Cyclone x2  
  28  3:03  Marine  
  28  3:05  Barracks  
  35  3:10  SCV  
  35  3:12  Supply Depot  
  36  3:22  Marine  
  36  3:34  Cyclone x2  
  36  3:39  SCV  
  36  3:40  Marine  
  44  3:44  Supply Depot  
  44  3:52  Marine  
  45  4:06  Cyclone  
  45  4:08  Cyclone  
  45  4:20  Marine  
  45  4:21  Marine  
  42  4:41  Cyclone  
  42  4:42  Command Center  
  46  4:45  Cyclone  
  46  4:47  Marine  
  46  4:51  Barracks Reactor  
  47  5:06  Marine  
  45  5:13  SCV  
  42  5:18  Cyclone  
  45  5:24  Marine  
  46  5:28  Barracks  
  46  5:29  Supply Depot  
  46  5:30  Barracks  
  46  5:36  Marine  
Show
View Real Time Build Order
Export as new Build Order

Trizztein Terran 

Build Orders: Cyclone Opening, Reaper Expand 

Get SALT Encoding   

  12  0:00  SCV  
  13  0:12  SCV  
  14  0:18  Supply Depot  
  14  0:25  SCV  
  15  0:28  Refinery  
  15  0:39  SCV  
  16  0:45  Barracks  
  16  0:52  SCV  
  17  1:04  SCV  
  18  1:16  SCV  
  19  1:34  Orbital Command, Reaper  
  20  1:48  Command Center  
  20  2:00  SCV  
  21  2:06  Factory  
  21  2:10  Refinery  
  21  2:18  Supply Depot, Reaper  
  22  2:25  SCV  
  23  2:39  SCV  
  24  2:52  Cyclone, SCV  
  24  2:54  Barracks Reactor  
  28  3:01  Engineering Bay  
  28  3:04  SCV  
  29  3:06  Orbital Command  
  29  3:16  SCV  
  30  3:25  Cyclone  
  33  3:28  SCV  
  33  3:31  SCV  
  35  3:36  Terran Infantry Weapons Level 1  
  35  3:37  Marine  
  35  3:40  Barracks, SCV  
  37  3:43  SCV  
  38  3:52  Bunker, SCV  
  39  3:55  SCV  
  39  3:57  Marine x2  
  41  4:04  SCV  
  41  4:06  Bunker  
  41  4:08  SCV  
  39  4:15  Marine x2  
  39  4:16  SCV  
  36  4:23  SCV  
  33  4:28  SCV  
  33  4:30  Marine  
  33  4:32  Cyclone  
  33  4:33  Marine x2  
  38  4:42  SCV  
  37  4:46  SCV  
  37  4:51  Marine x2  
  37  4:52  Barracks Tech Lab  
  40  4:54  SCV  
  40  4:57  Supply Depot  
  40  4:58  SCV  
  41  5:06  SCV  
  39  5:07  Cyclone  
  39  5:08  Marine x2  
  39  5:10  SCV  
  40  5:16  Marine  
  40  5:18  SCV  
  41  5:26  Marine x2  
  39  5:30  Orbital Command  
  39  5:31  SCV  
  39  5:34  Marine  
Tags
 
Add a new tag
Caveats
  • Supply blocks, unpowered buildings, or Contaminate may cause inaccurate times.
  • Supply counts are checked every 10 seconds.